 Dungeon Crawl Stone Soup version 0.19.1 (webtiles) character file.

1857 Losas the Ruffian (level 8, -1/78 HPs)
             Began as a Troll Monk on Nov 24, 2016.
             Was a Believer of Qazlal.
             Killed from afar by an electric eel (6 damage)
             ... with a bolt of electricity
             ... on level 7 of the Dungeon.
             The game lasted 00:20:51 (6025 turns).

Losas the Ruffian (Troll Monk)                      Turns: 6025, Time: 00:20:51

Health: -1/78      AC:  5    Str: 21    XL:     8   Next: 89%
Magic:  8/8        EV: 12    Int:  7    God:    Qazlal [**....]
Gold:   395        SH:  3    Dex: 12    Spells: 0 memorised, 7 levels left

rFire  . . .     SeeInvis .       - Unarmed
rCold  . . .     Gourm    +     a - +0 robe
rNeg   . . .     Faith    .     (no shield)
rPois  .         Spirit   .     (helmet restricted)
rElec  .         Reflect  .     (no cloak)
rCorr  .         Harm     .     (gloves unavailable)
MR     +....                    (boots unavailable)
Stlth  +.........               (no amulet)
                                (no ring)
                                g - ring of protection from magic

@: very slightly contaminated, hasted, very quick
A: unfitting armour, claws 3, fast metabolism 3, gourmand, regeneration 1,
shaggy fur 1, tough skin 2
a: Upheaval, Renounce Religion


You were on level 7 of the Dungeon.
You worshipped Qazlal.
Qazlal was pleased with you.
You were not hungry.

You visited 2 branches of the dungeon, and saw 8 of its levels.

You collected 395 gold pieces.

Inventory:

Armour
 a - a +0 robe (worn)
Jewellery
 g - a ring of protection from magic (left claw)
 y - the amulet of Fyrghe Zabb {Inacc -Tele rC+ MR+++ Dex+3}
   (You found it on level 7 of the Dungeon)

   [amulet of inaccuracy]

   It reduces the accuracy of all your attacks.
   It affects your dexterity (+3).
   It protects you from cold.
   It affects your resistance to hostile enchantments.
   It prevents most forms of teleportation.
Wands
 m - a wand of lightning (8/15)
 v - a wand of polymorph (11/24)
Scrolls
 d - 7 scrolls of remove curse
 h - a scroll of immolation {unknown}
 j - 3 scrolls of fear
 k - 2 scrolls of recharging {unknown}
 l - a scroll of fog {unknown}
 o - a scroll of silence {unknown}
 p - 2 scrolls of amnesia
 q - 2 scrolls of enchant weapon {unknown}
 r - a scroll of magic mapping {unknown}
 t - 2 scrolls of teleportation {unknown}
 A - a scroll of identify
Potions
 e - 3 potions of curing
 i - 2 potions of lignification
 n - 2 potions of brilliance
 s - 2 potions of agility
 u - 2 potions of cancellation {unknown}
 x - a potion of berserk rage {unknown}
Books
 w - a book of Power

   Spells                             Type                      Level
   a - Fulminant Prism                Conjuration/Hexes            4
   b - Iskenderun's Mystic Blast      Conjuration                  4
   c - Venom Bolt                     Conjuration/Poison           5
   d - Bolt of Magma                  Conjuration/Fire/Earth       5
   e - Iron Shot                      Conjuration/Earth            6
   f - Orb of Destruction             Conjuration                  7
   g - Spellforged Servitor           Conjuration/Summoning        7
Comestibles
 b - 9 bread rations
 f - 2 meat rations
 z - a royal jelly


   Skills:
 + Level 4.1 Fighting
 + Level 3.5 Armour
 * Level 5.9 Dodging
 - Level 1.0 Stealth
 * Level 7.2 Unarmed Combat
 + Level 1.6 Invocations
 + Level 1.4 Evocations


You had 7 spell levels left.
You didn't know any spells.

Dungeon Overview and Level Annotations

Branches:
Dungeon (7/15)             Temple (1/1) D:6

Altars:
Ashenzari
Cheibriados
Dithmenos
Elyvilon
Fedhas
Gozag
Hepliaklqana
Kikubaaqudgha
Nemelex Xobeh
Okawaru
Qazlal
Sif Muna
Trog
Vehumet
Xom
Yredelemnul
Zin
The Shining One

Shops:
D:7 }


Innate Abilities, Weirdness & Mutations

You are too large for most types of armour.
You have claws for hands.
Your metabolism is lightning-fast.
You like to eat raw meat.
Your natural rate of healing is unusually fast.
You are covered in fur. (AC +1)
You have very tough skin. (AC +2)


Message History

The electric eel shoots out a bolt of lightning at you!
The bolt of electricity hits the plant.
The bolt of electricity hits you!
You feel yourself speed up.
The electric eel shoots out a bolt of lightning at you!
The bolt of electricity hits the electric eel.
The electric eel completely resists.
The bolt of electricity hits you!
* * * LOW HITPOINT WARNING * * *
You are very lightly contaminated with residual magic.
You feel better.
The plant is struck by lightning.
The electric eel shoots out a bolt of lightning at you!
The bolt of electricity hits the electric eel.
The electric eel completely resists.
The bolt of electricity hits the plant.
The bolt of electricity hits you!
* * * LOW HITPOINT WARNING * * *
The electric eel shoots out a bolt of lightning at you!
The bolt of electricity hits the plant.
The bolt of electricity hits you!
* * * LOW HITPOINT WARNING * * *
The electric eel shoots out a bolt of lightning at you!
The bolt of electricity hits you!
You die...

#.#..##.########≈##.# #.#
#.#.##≈##..P)≈;##.#.# #.#
#.#.##≈#...≈≈(;≈#.#.# #.#
#.#.##≈#.....≈[≈#)#.## #.#
###....#.#'...P.≈;#)#..## #.#
.##.#.##..# ....≈##≈##.)####.#
.##....##≈##########≈##......#
.##.#.#.#≈≈##..≈.[≈##≈#.######
.###...###≈#...P@;;≈#≈### .#
##.####≈#....P(≈≈#.# .#
#....#.#'..PP.;≈#.#
.#########..#..P=(≈##'##
.........##.########...#
#########.### #..##
...........#########.##
##########...........#
#.###########


You could see 3 electric eels.

Vanquished Creatures
  A spriggan (D:7)
  Menkaure (D:6)
  An ice beast (D:7)
  A necrophage (D:4)
  3 ogres
  A bullfrog (D:6)
  A water moccasin zombie (D:5)
  2 scorpions
  2 howler monkeys
  The ghost of dscm the Digger, a weakling OpEE (D:4)
  2 crimson imps
  2 bullfrog skeletons
  A hound (D:5)
  A jelly (D:6)
  2 orc priests
  6 orc wizards
  4 worker ants
  A killer bee zombie (D:6)
  2 hound zombies
  A hound skeleton (D:5)
  A worker ant zombie (D:7)
  10 gnolls
  2 adders
  An ooze (D:5)
  An adder skeleton (D:4)
  2 worms
  2 dart slugs
  3 leopard geckos
  13 orcs
  6 ball pythons
  4 giant cockroaches
  12 goblins
  10 hobgoblins
  6 jackals
  3 quokkas
  7 bats
  7 frilled lizards
  A giant cockroach zombie (D:5)
  A jackal skeleton (D:4)
  2 kobolds (D:2)
  6 rats
136 creatures vanquished.

Notes
Turn   | Place    | Note
-------+----------+-------------------------------------------
     0 | D:1      | Losas the Troll Monk began the quest for the Orb.
     0 | D:1      | Reached XP level 1. HP: 22/22 MP: 0/0
   204 | D:1      | Reached XP level 2. HP: 28/29 MP: 1/1
   662 | D:2      | Found a faded altar of an unknown god.
   930 | D:2      | Reached XP level 3. HP: 36/36 MP: 2/2
  1392 | D:2      | Reached skill level 1 in Armour
  1620 | D:3      | Reached XP level 4. HP: 30/44 MP: 3/3
  1720 | D:3      | Found an ancient bone altar of Kikubaaqudgha.
  2255 | D:4      | Reached XP level 5. HP: 46/52 MP: 4/4
  2262 | D:4      | Reached skill level 4 in Unarmed Combat
  2380 | D:4      | Noticed dscm's ghost (weakling OpEE)
  2402 | D:4      | Killed dscm's ghost
  2466 | D:4      | Found a glowing golden altar of the Shining One.
  2598 | D:4      | Reached XP level 6. HP: 51/61 MP: 5/5
  2969 | D:4      | Reached skill level 5 in Unarmed Combat
  3217 | D:5      | Entered Level 5 of the Dungeon
  3221 | D:5      | Noticed a sky beast
  3328 | D:5      | Reached XP level 7. HP: 32/67 MP: 6/6
  3981 | D:5      | Reached skill level 5 in Dodging
  4110 | D:5      | Reached skill level 6 in Unarmed Combat
  4420 | D:6      | Found a staircase to the Ecumenical Temple.
  4451 | Temple   | Entered the Ecumenical Temple
  4528 | Temple   | Became a worshipper of Qazlal Stormbringer
  4528 | Temple   | Reached * piety under Qazlal
  4528 | Temple   | Reached ** piety under Qazlal
  4549 | D:6      | Reached XP level 8. HP: 46/76 MP: 7/7
  5030 | D:6      | Noticed Menkaure
  5034 | D:6      | Killed Menkaure
  5137 | D:6      | Reached skill level 1 in Invocations
  5178 | D:7      | Found Sumabol's Gadget Boutique.
  5208 | D:7      | Reached skill level 1 in Evocations
  5401 | D:7      | Got a translucent zirconium amulet
  5403 | D:7      | Identified the amulet of Fyrghe Zabb {Inacc -Tele rC+ MR+++ Dex+3} (You found it on level 7 of the Dungeon)
  5647 | D:7      | Found an iron altar of Okawaru.
  5649 | D:7      | Found a basalt altar of Yredelemnul.
  5902 | D:7      | Reached skill level 7 in Unarmed Combat
  6025 | D:7      | Killed from afar by an electric eel

Skill      XL: |  1  2  3  4  5  6  7  8 |
---------------+-------------------------+-----
Armour         | 1 2 3 |  3.5
Dodging        | 3 4 5 |  5.9
Unarmed Combat | 4 5 6 7 |  7.2
Fighting       | 3 4 |  4.1
Invocations    | 1 |  1.6
Evocations     | 1 |  1.4
Stealth        | |  1.0

Action                   |  1- 3 |  4- 6 |  7- 9 || total
-------------------------+-------+-------+-------++-------
Melee: Unarmed           |   123 |   170 |   205 ||   498
       Punch             |     1 |     2 |     7 ||    10
  Use: Scroll            |     1 |     7 |     3 ||    11
       Potion            |       |     1 |     2 ||     3
 Stab: Sleeping          |     2 |     3 |     1 ||     6
  Eat: Chunk             |    20 |    12 |    23 ||    55
Armor: Robe              |    43 |    36 |    40 ||   119
       Skin              |       |     3 |       ||     3
Dodge: Dodged            |    63 |   102 |    87 ||   252
Block: Other             |       |       |    14 ||    14
